 Dungeon Crawl Stone Soup version 0.17-a0-1186-gbffdd7f (webtiles) character file.

1087 Solfyre the Fighter (level 8, -3/75 HPs)
             Began as a Minotaur Berserker on June 1, 2015.
             Was an Elder of Trog.
             Slain by an ogre
             ... wielding a +0 giant spiked club
              (9 damage)
             ... on level 5 of the Dungeon.
             The game lasted 00:27:59 (3900 turns).

Solfyre the Fighter (Minotaur Berserker)            Turns: 3900, Time: 00:27:59

Health: -3/75      AC: 15    Str: 23    XL:     8   Next: 9%
Magic:  7/7        EV:  7    Int:  4    God:    Trog [****..]
Gold:   200        SH:  0    Dex: 11    Spells: 0 memorised, 7 levels left

rFire  . . .     SeeInvis .     y - +1 war axe
rCold  . . .     Clarity  .     p - +0 plate armour (curse)
rNeg   . . .     SustAt   .     (no shield)
rPois  .         Gourm    .     (helmet restricted)
rElec  .         Spirit   .     x - +0 cloak (curse)
rCorr  .         Warding  .     (no gloves)
rMut   .         Stasis   .     B - +0 pair of boots
MR     .....                    (no amulet)
Stlth  ..........               (no ring)
                                (no ring)

@: not resistant to hostile enchantments, extremely unstealthy
A: retaliatory headbutt, horns 2
a: Burn Spellbooks, Berserk, Trog's Hand, Brothers in Arms, Renounce Religion


You were on level 5 of the Dungeon.
You worshipped Trog.
Trog was greatly pleased with you.
You were not hungry.

You visited 1 branch of the dungeon, and saw 5 of its levels.

You collected 200 gold pieces.

Inventory:

Hand weapons
 a - a +1 dagger of electrocution
 e - a +0 hand axe (quivered)
 j - a +0 dagger
 q - a +0 hand axe
 y - a +1 war axe (weapon)
Armour
 o - a +0 chain mail
 p - a cursed +0 plate armour (worn)
 x - a cursed +0 cloak (worn)
 B - a +0 pair of boots (worn)
Jewellery
 t - an uncursed ring of invisibility
Magical devices
 n - a wand of fireball (7)
 v - a wand of fireball (13)
Scrolls
 s - a scroll of identify
 A - a scroll of immolation {unknown}
 C - 2 scrolls of recharging
Potions
 f - 2 potions of flight {unknown}
 g - a potion of lignification {unknown}
 h - a potion of berserk rage {unknown}
 i - 2 potions of brilliance {unknown}
 k - a potion of cure mutation {unknown}
 m - a potion of might {unknown}
 r - a potion of mutation {unknown}
 u - a potion of invisibility {unknown}
 w - a potion of resistance
Comestibles
 b - 2 slices of pizza
 c - 3 bread rations
 d - 4 meat rations
 l - 4 chunks of flesh
 z - a royal jelly
 D - a beef jerky


   Skills:
 * Level 8.6 Fighting
 + Level 7.2 Axes
 + Level 5.9 Armour
 - Level 2.1 Dodging


You had 7 spell levels left.
You didn't know any spells.

Dungeon Overview and Level Annotations

Branches:
Dungeon (5/15)             Temple (0/1) D:5

Altars:
Elyvilon
Trog
Vehumet
Xom
The Shining One

Shops:
D:5 }


Innate Abilities, Weirdness & Mutations

You reflexively headbutt those who attack you in melee.
You have a pair of horns on your head.


Message History

The ogre shouts!
The hobgoblin shouts!
Found 24 gold pieces.
A phantom comes into view.
An orc comes into view. It is wielding a flail.
The phantom blinks!
There is an entrance to Lyucume's Gadget Boutique here.
You see here a spear.
You hit the ogre.
The ogre is lightly wounded.
The ogre hits you with a giant spiked club!
You slice the ogre!!
The ogre is severely wounded.
Your plate armour prevents you from hitting the ogre.
The ogre is severely wounded.
The ogre hits you with a giant spiked club!!
* * * LOW HITPOINT WARNING * * *
You hit the ogre.
The ogre is severely wounded.
The ogre hits you with a giant spiked club!
You die...

#...# ###.....## #.. #...#
##.......# #.. #...#
#..>.....# ##. #...#
#.....W..# #. #...#
#.......## #. ##..#
##..##.## ###### ## #..#
#####g# #....##### #..# #O#
#......... #..########@##
#....#...# #..#.....##..#
###....#.⌠.# #............#
##....###...# #..(†........#
#..##........
#............###..##..⌠..>..
#..........#.##..###........
#.........##.##..# #.###...#
#.........##.#...# #...#.⌠.#
#........###.#..## #...#...#


You could see a phantom, an ogre and a hobgoblin.

Vanquished Creatures
  Prince Ribbit (D:5)
  Purgy (D:3)
  An ice beast (D:5)
  2 ogres
  A sky beast (D:5)
  A centaur (D:5)
  A scorpion (D:4)
  A crimson imp (D:5)
  2 orc priests (D:4)
  Crazy Yiuf (D:2)
  Ijyb (D:3)
  Natasha (D:3)
  An orc wizard (D:4)
  2 worker ants
  An adder (D:2)
  An ooze (D:1)
  A worm (D:3)
  2 giant geckos
  8 orcs
  6 bats
  10 goblins
  11 hobgoblins
  8 kobolds
  3 quokkas
  A ball python (D:3)
  A giant cockroach (D:2)
  A giant gecko skeleton (D:4)
  2 giant newts (D:2)
  10 jackals
  A jackal skeleton (D:4)
  A quokka skeleton (D:4)
  11 rats
96 creatures vanquished.

Notes
Turn   | Place    | Note
--------------------------------------------------------------
     0 | D:1      | Solfyre the Minotaur Berserker began the quest for the Orb.
     0 | D:1      | Reached XP level 1. HP: 19/19 MP: 0/0
   156 | D:1      | Reached skill level 4 in Fighting
   197 | D:1      | Reached XP level 2. HP: 20/27 MP: 1/1
   587 | D:1      | Acquired Trog's second power
   592 | D:1      | Reached XP level 3. HP: 34/34 MP: 2/2
   825 | D:2      | Found a bloodstained altar of Trog.
  1032 | D:2      | Found a shimmering altar of Xom.
  1137 | D:2      | Noticed Crazy Yiuf
  1144 | D:2      | Killed Crazy Yiuf
  1144 | D:2      | Reached skill level 5 in Fighting
  1144 | D:2      | Reached XP level 4. HP: 40/42 MP: 3/3
  1467 | D:3      | Noticed Purgy
  1474 | D:3      | Killed Purgy
  1474 | D:3      | Reached skill level 6 in Fighting
  1474 | D:3      | Reached XP level 5. HP: 42/50 MP: 4/4
  1903 | D:3      | Noticed Ijyb
  1924 | D:3      | Killed Ijyb
  1924 | D:3      | Reached skill level 5 in Axes
  1942 | D:3      | Noticed Natasha
  1970 | D:3      | Killed Natasha
  2146 | D:4      | Found a white marble altar of Elyvilon.
  2414 | D:4      | Found a radiant altar of Vehumet.
  2420 | D:4      | Reached XP level 6. HP: 54/58 MP: 5/5
  2489 | D:4      | Noticed an ogre
  2499 | D:4      | Killed an ogre
  2502 | D:4      | Reached skill level 7 in Fighting
  2919 | D:4      | HP: 2/60 [kobold/dagger of electrocution (11)]
  2995 | D:4      | Reached XP level 7. HP: 17/66 MP: 6/6
  3025 | D:4      | Found a glowing golden altar of the Shining One.
  3364 | D:5      | Entered Level 5 of the Dungeon
  3533 | D:5      | Found a staircase to the Ecumenical Temple.
  3763 | D:5      | Noticed Prince Ribbit
  3792 | D:5      | Killed Prince Ribbit
  3792 | D:5      | Reached skill level 8 in Fighting
  3792 | D:5      | Reached skill level 5 in Armour
  3826 | D:5      | Found Lyucume's Gadget Boutique.
  3841 | D:5      | Acquired Trog's third power
  3854 | D:5      | Reached XP level 8. HP: 33/75 MP: 7/7
  3900 | D:5      | Slain by an ogre

Vault maps used:
D:1:      dpeg_arrival_another_circle
D:2:      nicolae_overflow_hidden_temple, bloody_trog, uniq_crazy_yiuf_cottage
D:3:      first_bread, serial_bayou_lagoon_b, uniq_natasha, uniq_iyjb,
          uniq_purgy
D:4:      tso_altar, overflow_temple_1_default, kennysheep_mini,
          corexii_corridor_pit
D:5:      minmay_temple_entry_junction2, serial_shops, shop,
          uniq_prince_ribbit1, uniq_pikel, uniq_edmund

Action                   |  1- 3 |  4- 6 |  7- 9 || total
-------------------------+-------+-------+-------++-------
Melee: Hand axe          |    79 |    22 |       ||   101
       War axe           |       |   110 |    62 ||   172
Invok: Berserk           |     1 |     1 |       ||     2
  Use: Scroll            |       |     5 |       ||     5
       Potion            |       |     2 |       ||     2
  Eat: Chunk             |     1 |     8 |     3 ||    12
